 Seeded DCSS version 0.29.1-14-g9c671dbff4 (webtiles) character file.

Game seed: 1 (custom seed)

59 Kazon the Trooper (level 3, -8/29 HPs)
             Began as a Mummy Fighter on Feb 16, 2023.
             Mangled by a gnoll
             ... wielding a +0 halberd
              (14 damage)
             ... on level 2 of the Dungeon.
             The game lasted 00:03:32 (809 turns).

Kazon the Trooper (Mummy Fighter)                    Turns: 809, Time: 00:03:33

Health: -8/29      AC:  6    Str: 15    XL:     3   Next: 78%
Magic:  3/3        EV:  8    Int:  9    God:
Gold:   134        SH:  4    Dex: 11    Spells: 2/2 levels left

rFire   x . .      SeeInvis .   a - +0 long sword
rCold   + . .      Faith    .   c - +0 buckler
rNeg    + + +      Spirit   .   b - +0 scale mail
rPois   ∞          Reflect  .   (no helmet)
rElec   .          Harm     +   (no cloak)
rCorr   .          Rampage  .   (no gloves)
Will    .....                   (no boots)
Stlth   ..........              d - amulet of Attitude {Harm Regen+ Str-4 Slay+5}
HPRegen 0.89/turn               (no ring)
MPRegen 0.08/turn               (no ring)

@: no status effects
A: cold resistance 1, negative energy resistance 3, torment resistance 2, heat
vulnerability 1, in touch with death 1, no potions
a: no special abilities


You were on level 2 of the Dungeon.
You visited 1 branch of the dungeon, and saw 2 of its levels.

You collected 134 gold pieces.

Inventory:

Hand Weapons
 a - a +0 long sword (weapon)
Missiles
 f - 4 stones (quivered)
Armour
 b - a +0 scale mail (worn)
 c - a +0 buckler (worn)
Jewellery
 d - the amulet of Attitude (around neck) {Harm Regen+ Str-4 Slay+5}
   (You acquired it on level 1 of the Dungeon)

   [amulet of regeneration]

   Str:       It affects your strength (-4).
   Slay:      It affects your accuracy & damage with ranged weapons and melee
   (+5).
   Regen:     It increases your rate of health regeneration.
   Harm:      It increases damage dealt and taken.
Scrolls
 e - a scroll of identify {unknown}


   Skills:
 + Level 3.3 Fighting
 + Level 2.1 Long Blades
 + Level 3.1 Armour
 + Level 2.8 Shields


You had 2 spell levels left.
You didn't know any spells.
Your spell library was empty.

Dungeon Overview and Level Annotations

Branches:
Dungeon (2/15)

Altars:


Innate Abilities, Weirdness & Mutations

You are immune to poison.
Your flesh is cold resistant. (rC+)
You are immune to negative energy. (rN+++)
You are immune to unholy pain and torment.
You are vulnerable to heat. (rF-)
You are in touch with the powers of death.
You do not drink.


Message History

Press: ? - help, Q - select action Shift-Dir - straight line, f - gnoll
Aim: a gnoll, wielding a +0 spear (66% to hit)
You throw a stone. The stone closely misses the gnoll.
The gnoll shouts!
The stone hits the goblin.
You kill the goblin!
The gnoll closely misses you.
A kobold comes into view. It is wielding a +0 dagger.
The gnoll completely misses you. The gnoll hits you but does no damage.
You closely miss the gnoll. The gnoll completely misses you.
The gnoll closely misses you.
The gnoll hits you from afar with a +0 halberd.
The gnoll hits you with a +0 spear.
You slash the gnoll!
The gnoll is almost dead.
The gnoll closely misses you. The gnoll hits you with a +0 spear.
You closely miss the gnoll.
The gnoll is almost dead.
The gnoll barely misses you. The gnoll hits you with a +0 spear.
You closely miss the gnoll.
The gnoll is almost dead.
The gnoll barely misses you. The gnoll hits you with a +0 spear!
* * * LOW HITPOINT WARNING * * *
The gnoll hits you with a +0 spear.
* * * LOW HITPOINT WARNING * * *
You slash the gnoll!
You kill the gnoll!
You barely miss the gnoll. The gnoll hits you with a +0 whip.
* * * LOW HITPOINT WARNING * * *
You closely miss the gnoll. The gnoll closely misses you.
You hit the gnoll.
The gnoll is moderately wounded.
The gnoll barely misses you. The gnoll hits you with a +0 whip.
* * * LOW HITPOINT WARNING * * *
You slash the gnoll!
You kill the gnoll!
Your Armour skill increases to level 3!
You hit the kobold but do no damage. The kobold barely misses you.
The gnoll hits you from afar with a +0 halberd!
You die...

.. ... .#.#.#
.#.#.#
######.#.#.#. #.#
#............ #.#
#.##.......# #.#
#.##..# #g# #<#
#.##..# #K# #.#
#.##.†# #@# #.#
#.##..####.#
#.#####..........#
.......>##..######
####....##..#
............#
.#########.## .#
#.# .# #.#


You could see a gnoll and a kobold.

Vanquished Creatures
  2 gnolls (D:2)
  An adder (D:2)
  A worm (D:2)
  5 endoplasms
  A giant cockroach (D:1)
  5 goblins
  3 hobgoblins
  A kobold (D:1)
  A quokka (D:1)
  A ball python (D:2)
  2 bats
  3 rats (D:1)
26 creatures vanquished.

Notes
Turn   | Place    | Note
-------+----------+-------------------------------------------
     0 | D:1      | Kazon the Mummy Fighter began the quest for the Orb.
     0 | D:1      | Reached XP level 1. HP: 18/18 MP: 1/1
    33 | D:1      | Identified a scroll of acquirement
    33 | D:1      | Acquired the amulet of Attitude {Harm Regen+ Str-4 Slay+5}
   142 | D:1      | Reached XP level 2. HP: 24/24 MP: 2/2
   656 | D:2      | Gained mutation: You are in touch with the powers of death.
                  | [Mummy growth]
   656 | D:2      | Reached XP level 3. HP: 28/29 MP: 3/3
   809 | D:2      | Mangled by a gnoll

Illustrated notes

Levels and vault maps discovered:
D:1:      dpeg_arrival_three_smaller_balls, layout_basic
D:2:      layout_loops_ring

Skill      XL: |  1  2  3 |
---------------+----------+-----
Long Blades    | 2 |  2.1
Armour         | 3 |  3.1
Fighting       | |  3.3
Shields        | |  2.8

Action                   || total
-------------------------++-------
Melee: Long sword        ||    56
Throw: Stone             ||     4
  Use: Scroll            ||     1
Armor: Scale mail        ||    25
Dodge: Dodged            ||    31
Block: Buckler           ||    17
